Map: Terraform LE (Void)

Players

Pure

  • Race: Protoss Protoss
  • League: Diamond

EndOfLine - Winner!

  • Race: Zerg Zerg
  • League: Master

Event: ASL Season 5 Prime League LOTV Beta

VOD

Have the link to the VOD?

Description

Time

  • Played on: Sept. 1, 2015, 11:17 p.m.
  • Length: 7:48

All games in this series

Show
View Real Time Build Order
Export as new Build Order

Pure Protoss 

Build Orders: Mass Adepts 

Get SALT Encoding   

  12  0:00  Probe  
  13  0:12  Probe  
  14  0:18  Pylon  
  14  0:25  Probe  
  15  0:37  Probe  
  15  0:40  Gateway  
  16  0:44  Assimilator  
  16  0:49  Probe  
  17  1:01  Probe  
  18  1:13  Probe  
  18  1:14  Pylon  
  20  1:25  Probe  
  20  1:33  Cybernetics Core  
  20  1:47  Gateway  
  20  1:48  Gateway  
  20  1:57  Warp Gate  
  20  2:10  Pylon  
  20  2:12  Stalker  
  22  2:32  Gateway  
  22  2:35  Gateway, Adept  
  26  2:37  Adept  
  26  2:49  Adept  
  28  3:02  Adept  
  28  3:04  Adept  
  36  3:32  Adept, Pylon  
  38  3:37  Pylon  
  33  3:56  Gateway  
  33  3:59  Gateway  
  32  4:14  Adept  
  30  4:18  Adept  
  32  4:40  Adept x3  
  36  4:50  Nexus  
  28  5:07  Pylon  
  28  5:08  Assimilator  
  28  5:10  Mothership Core  
  28  5:11  Twilight Council  
  26  5:28  Stalker x2  
  26  5:29  Zealot  
  28  5:39  Pylon  
  26  5:43  Stalker  
  28  5:55  Adept  
  30  6:05  Adept  
  30  6:07  Sentry  
  35  6:26  Adept  
  35  6:27  Adept  
  35  6:29  Probe  
  38  6:33  Probe  
  37  6:53  Stalker  
  39  6:56  Sentry  
  39  7:18  Adept x2  
  39  7:19  Adept  
  39  7:20  Sentry  
  44  7:28  Adept  
Show
View Real Time Build Order
Export as new Build Order

EndOfLine Zerg - Winner!

Build Orders: Hatch First 

Get SALT Encoding   

  12  0:01  Drone  
  13  0:12  Overlord  
  13  0:18  Drone  
  14  0:30  Drone  
  14  0:31  Drone  
  14  0:35  Drone  
  17  0:45  Drone  
  18  0:56  Hatchery  
  17  0:59  Drone  
  18  1:13  Drone, Spawning Pool  
  18  1:16  Extractor  
  17  1:18  Drone  
  18  1:30  Drone  
  19  1:40  Drone  
  20  2:00  Queen  
  22  2:08  Queen  
  24  2:12  Zergling x2  
  24  2:13  Zergling x2  
  26  2:16  Overlord  
  26  2:17  Hatchery  
  26  2:22  Metabolic Boost  
  25  2:28  Drone  
  27  2:30  Drone  
  27  2:32  Drone  
  28  2:39  Drone x2  
  30  2:50  Drone, Overlord  
  31  2:56  Zergling x4  
  33  3:05  Zergling x2  
  34  3:07  Zergling x2  
  34  3:08  Zergling x2  
  34  3:09  Zergling x2  
  37  3:13  Zergling x2  
  37  3:17  Zergling x4  
  39  3:23  Roach Warren  
  39  3:24  Zergling x4  
  40  3:32  Overlord  
  39  3:37  Zergling x2  
  40  3:43  Drone x4  
  40  3:46  Overlord  
  44  3:54  Drone x3  
  47  3:56  Drone  
  48  4:06  Drone  
  48  4:07  Drone x3  
  50  4:14  Overlord  
  49  4:17  Roach x2  
  49  4:22  Roach x2  
  55  4:26  Zergling x6  
  55  4:30  Roach  
  58  4:32  Zergling x2  
  58  4:36  Roach  
  57  4:40  Zergling x2  
  57  4:42  Roach  
  57  4:43  Zergling x2  
  59  4:47  Roach  
  59  4:48  Zergling x2  
  59  4:50  Zergling x2  
  59  4:51  Zergling x2  
  61  4:58  Queen  
  62  5:00  Queen  
  64  5:13  Baneling Nest  
  60  5:27  Zergling x22  
  70  5:39  Overlord  
  70  5:40  Drone x2  
  72  5:46  Evolution Chamber x2, Lair  
  72  5:48  Drone  
  72  5:49  Drone  
  72  5:51  Spore Crawler  
  72  5:53  Spore Crawler  
  70  5:57  Drone x2  
  70  6:03  Spore Crawler  
  68  6:14  Baneling  
  68  6:15  Baneling x8  
  68  6:17  Zergling x4  
  68  6:18  Zergling x8  
  73  6:27  Extractor  
  73  6:28  Extractor  
  73  6:31  Zergling x4  
  73  6:32  Zergling x2  
  65  6:49  Zergling x16  
  65  6:50  Zergling x4  
  65  6:51  Zergling x4  
  69  7:01  Drone x3  
  67  7:09  Drone x3  
  67  7:11  Drone x2  
  67  7:12  Drone x2  
  73  7:23  Drone x4  
  73  7:24  Drone  
  78  7:35  Drone x3  
Tags
 
Add a new tag
Caveats
  • Supply blocks, unpowered buildings, or Contaminate may cause inaccurate times.
  • Supply counts are checked every 10 seconds.